 Dungeon Crawl Stone Soup version 0.21-a0-634-gaf8bc5d (webtiles) character file.

52579 Amnesiac the Slinger (level 14, -2/126 HPs)
             Began as a Hill Orc Artificer on Dec 30, 2017.
             Was a Priest of Yredelemnul.
             Killed from afar by a balrug (8 damage)
             ... with a bolt of fire
             ... summoned by a deep elf demonologist
             ... on level 1 of the Elven Halls.
             The game lasted 00:45:44 (24255 turns).

Amnesiac the Slinger (Hill Orc Artificer)          Turns: 24255, Time: 00:45:45

Health: -2/126     AC: 31    Str: 20    XL:     14   Next: 64%
Magic:  32/32      EV:  9    Int: 13    God:    Yredelemnul [***...]
Gold:   615        SH:  3    Dex: 16    Spells: 11/13 levels left

rFire    + + .     SeeInvis +   F - +4 fustibalus (flame)
rCold    + + .     Gourm    .   A - +0 buckler
rNeg     . . .     Faith    .   C - +5 gold dragon scales
rPois    +         Spirit   .   n - +3 crown of Dyrovepreva {rElec Int+2 SInv}
rElec    +         Reflect  .   G - +0 cloak of Cheibriados's Scorn {-Tele rF+ Slay+2 Stlth+}
rCorr    .         Harm     .   l - +2 pair of gloves {archery}
MR       +....     NoTele   +   (no boots)
Stlth    ..........             x - amulet of magic regeneration
HPRegen  0.31/turn              m - ring of magical power
MPRegen  0.48/turn              R - ring of protection from cold

@: agile
A: no striking features
a: Recall Undead Slaves, Injury Mirror, Animate Dead, Renounce Religion


You were on level 1 of the Elven Halls.
You worshipped Yredelemnul.
Yredelemnul was most pleased with you.
You were near starving.

You visited 4 branches of the dungeon, and saw 19 of its levels.

You collected 2458 gold pieces.
You spent 1843 gold pieces at shops.

Inventory:

Hand Weapons
 F - a +4 fustibalus of flaming (weapon)
 N - a +0 blowgun
 Z - a +1 whip of electrocution
Missiles
 c - 84 sling bullets
 h - 194 stones (quivered)
 k - 11 tomahawks
 q - 7 needles of sleeping
 K - 82 poisoned needles
 W - 2 throwing nets
Armour
 l - a +2 pair of gloves of archery (worn)
 n - the +3 crown of Dyrovepreva (worn) {rElec Int+2 SInv}
   (You bought it in a shop on level 5 of the Dungeon)

   It affects your intelligence (+2).
   It insulates you from electricity.
   It lets you see invisible.
 A - a +0 buckler (worn)
 C - +5 gold dragon scales (worn)
 G - the +0 cloak of Cheibriados's Scorn (worn) {-Tele rF+ Slay+2 Stlth+}
   (You bought it in a shop on level 5 of the Dungeon)

   It affects your accuracy and damage with ranged weapons and melee attacks
   (+2).
   It protects you from fire.
   It prevents most forms of teleportation.
   It makes you more stealthy.
Jewellery
 m - a ring of magical power (left hand)
 x - an amulet of magic regeneration (around neck)
 R - a ring of protection from cold (right hand)
Wands
 d - a wand of enslavement (24)
 u - a wand of random effects (52)
 B - a wand of digging (28)
 I - a wand of clouds (7)
 J - a wand of acid (4)
 V - a wand of flame (37)
Scrolls
 b - a scroll of vulnerability {!r, unknown}
 e - 3 scrolls of identify {!r}
 g - 8 scrolls of remove curse {!r}
 j - 4 scrolls of amnesia {!r}
 t - 8 scrolls of teleportation {!r}
 w - 4 scrolls of fear {!r}
 y - 3 scrolls of fog {!r}
 D - 3 scrolls of blinking {!r}
 E - 6 scrolls of magic mapping {!r}
 S - a scroll of silence {!r}
Potions
 a - a potion of flight {!q}
 p - 3 potions of haste {!q}
 r - a potion of brilliance {!q}
 z - 2 potions of agility {!q}
 O - a potion of lignification {!q}
 Q - 2 potions of mutation {!q}
 T - 2 potions of magic {!q}
 U - a potion of berserk rage {!q}
Miscellaneous
 X - a phantom mirror
Comestibles
 f - 31 rations
 o - 4 chunks of flesh


   Skills:
 - Level 12.0 Fighting
   Level 1.0 Short Blades
 - Level 14.0 Slings
 + Level 12.2 Armour
 - Level 1.5 Dodging
 - Level 0.7 Stealth
 - Level 12.5 Invocations
 - Level 9.0 Evocations


You had 11 spell levels left.
You knew the following spells:

 Your Spells              Type           Power        Failure   Level  Hunger
v - Blink                 Tloc           N/A          100%        2    ###....


Dungeon Overview and Level Annotations

Branches:
Dungeon (15/15)            Temple (1/1) D:4            Lair (0/6) D:8
    Orc (2/2) D:12            Elf (1/3) Orc:2        Vaults (0/5) D:14
 Depths (0/5) D:15

Altars:
Ashenzari
Cheibriados
Dithmenos
Elyvilon
Fedhas
Gozag
Hepliaklqana
Kikubaaqudgha
Makhleb
Nemelex Xobeh
Okawaru
Qazlal
Ru
Sif Muna
Trog
Uskayaw
Vehumet
Wu Jian
Xom
Yredelemnul
Zin
The Shining One
Beogh

Shops:
D:5 [%[[   Orc:2 ((=*   Elf:1 !


Message History

* * * LOW HITPOINT WARNING * * *
Yredelemnul mirrors your injury!
The deep elf demonologist is almost dead.
Firing (i - inventory. (,) - cycle):
h - 198 stones (quivered)
Press: ? - help, Shift-Dir - straight line, f/p - deep elf demonologist
Aim: a deep elf demonologist, wielding a dagger (almost dead)
Okay, then.
Okay, then.
The deep elf demonologist mumbles some strange words.
Your dark mirror aura disappears.
The chaos spawn degenerates into a cloud of primal chaos!
The deep elf demonologist casts a spell.
Firing (i - inventory. (,) - cycle):
h - 198 stones (quivered)
Press: ? - help, Shift-Dir - straight line, f/p - deep elf demonologist
Aim: a deep elf demonologist, wielding a dagger (almost dead)
You shoot a stone.
The stone completely misses the deep elf demonologist.
The deep elf knight blocks the stone.
The deep elf demonologist casts a spell.
Okay, then.
Really quaff
z - 3 potions of agility {!q}?
You feel agile all of a sudden.
Firing (i - inventory. (,) - cycle):
h - 197 stones (quivered)
Press: ? - help, Shift-Dir - straight line, f/p - deep elf demonologist
Aim: a deep elf demonologist, wielding a dagger (almost dead)
You shoot a stone. The Executioner gives a hideous shriek!
The stone hits the deep elf demonologist!!
The stone burns the deep elf demonologist.
You kill the deep elf demonologist!
Yredelemnul accepts your kill.
The Executioner disappears in a puff of smoke!
The Hell Sentinel disappears in a puff of smoke!
The Ice Fiend calls on the powers of darkness!
The deep elf demonologist convulses!
The deep elf knight convulses!
Your body is wracked with pain!
* * * LOW HITPOINT WARNING * * *
Unknown command.
Firing (i - inventory. (,) - cycle):
h - 196 stones (quivered)
Press: ? - help, Shift-Dir - straight line, f - deep elf demonologist
Aim: a deep elf demonologist, wielding a long sword and wearing a leather armour (almost dead)
You shoot a stone.
The stone hits the deep elf demonologist.
The stone burns the deep elf demonologist.
The deep elf demonologist is almost dead.
Unknown command.
Firing (i - inventory. (,) - cycle):
h - 195 stones (quivered)
Press: ? - help, Shift-Dir - straight line, f/p - deep elf demonologist
Aim: a deep elf demonologist, wielding a long sword and wearing a leather armour (almost dead)
Okay, then.
Okay, then.
Okay, then.
Okay, then.
Put on which piece of jewellery? (? for menu, Esc to quit)
Okay, then.
Firing (i - inventory. (,) - cycle):
h - 195 stones (quivered)
Press: ? - help, Shift-Dir - straight line, f/p - deep elf demonologist
Aim: a deep elf demonologist, wielding a long sword and wearing a leather armour (almost dead)
You shoot a stone. The stone hits the balrug!
The balrug is lightly wounded.
The balrug gestures at you. The bolt of fire hits you! You resist.
You die...
Your body rises from the dead as a mindless zombie.

+#.....#+ ###'### #)#
#.# ###'### #(....#
#+# ##..).(## '# #.#
#....(..# #.# #@#
#..)....# #.# #.#
#.().(..# #.# #(#
##(..).##
..####2####)).)..)# .
#'#eeeĀ§.#)#######.#
... ##..1..2)## #'#
.#..# #......)..# #..
....'.#.........# ...
(e.e(()...PPPPP.'....
..


You could see an Ice Fiend, a balrug, a deep elf demonologist and a deep elf
knight (invisible).

Vanquished Creatures
  A deep elf demonologist (Elf:1)
  Erolcha (D:9)
  2 ice dragons (D:15)
  5 centaur warriors
  2 hydras
  Erica (D:9)
  An ogre mage (D:14)
  A dancing weapon (Elf:1)
  8 two-headed ogres
  3 orc high priests (Orc:2)
  Urug (D:15)
  2 deep elf knights (Elf:1)
  3 unseen horrors
  3 deep elf archers (Elf:1)
  Pikel (D:6)
  4 orc knights (Orc:2)
  A necromancer (D:11)
  16 deep elf magi
  8 orc sorcerers
  An ugly thing (D:11)
  A manticore (D:13)
  Psyche (D:9)
  4 centaur skeletons
  A komodo dragon (D:12)
  A gargoyle (D:15)
  6 trolls
  Grinder (D:6)
  A hornet (D:13)
  Prince Ribbit (D:9)
  A hippogriff (D:15)
  2 slime creatures (D:15)
  2 shadows (D:14)
  2 vampires
  Sigmund (D:2)
  A tarantella (shapeshifter) (D:13)
  2 wyverns
  2 yaks (D:14)
  3 hungry ghosts
  5 wargs
  A basilisk (D:12)
  Menkaure (D:6)
  An acid dragon (D:13)
  Duvessa (D:4)
  2 soldier ants (D:8)
  16 orc warriors
  4 ice beasts
  A black bear (D:9)
  An eye of draining (D:13)
  A sky beast (D:14)
  3 slaves (D:6)
  7 centaurs
  A crocodile (D:15)
  11 ogres
  5 big kobolds
  3 bullfrogs
  A wyvern zombie (D:12)
  2 earth elementals (Elf:1)
  A gnoll sergeant (D:7)
  A troll zombie (D:9)
  3 killer bees (D:10)
  A scorpion (D:11)
  A wight (D:9)
  3 howler monkeys
  2 electric eels (D:10)
  A troll skeleton (D:9)
  5 crimson imps
  3 centaur zombies
  A quasit (D:12)
  6 human zombies (D:9)
  8 orc priests
  A bullfrog zombie (D:12)
  6 hounds
  5 jellies
  7 iguanas
  Natasha (D:2)
  Terence (D:2)
  11 orc wizards
  2 yak simulacra (D:11)
  3 polar bear simulacra (D:11)
  11 worker ants
  2 wolf simulacra (D:11)
  2 mummies (D:9)
  10 adders
  12 gnolls
  3 shadow imps
  An ooze (D:3)
  An adder skeleton (D:4)
  2 worms
  A dart slug (D:3)
  4 leopard geckos
  42 orcs
  A ball python (D:2)
  6 giant cockroaches
  6 goblins
  6 hobgoblins
  9 jackals
  6 quokkas
  7 bats
  2 frilled lizards
  A jackal skeleton (D:4)
  38 kobolds
  An orc zombie (D:9)
  2 rats
  3 river rat simulacra (D:11)
417 creatures vanquished.

Vanquished Creatures (collateral kills)
  A deep elf annihilator (Elf:1)
  A two-headed ogre (D:14)
  A centaur warrior (D:14)
  A deep elf knight (Elf:1)
  An unseen horror (D:13)
  A deep elf archer (Elf:1)
  5 deep elf magi (Elf:1)
  A wolf spider zombie (D:14)
  A manticore (D:15)
  A centaur skeleton (D:13)
  2 trolls
  A slime creature (D:15)
  A yak (D:14)
  A vampire (D:14)
  A hungry ghost (D:15)
  A fire elemental (Elf:1)
  A vampire mosquito (D:13)
  A big kobold (D:13)
  A bullfrog (D:14)
  A wyvern zombie (D:14)
  Dowan (D:4)
  A scorpion (D:14)
  A worker ant (D:14)
  A gnoll (Orc:2)
  5 orcs
  A kobold (D:13)
35 creatures vanquished.

Vanquished Creatures (others)
  2 spectral elves (Elf:1)
  A vampire (Elf:1)
  9 flying skulls
  A wight (Elf:1)
  A hound (D:6)
  3 mummies
  An adder (D:4)
  A river rat simulacrum (D:11)
  11 bushes (Elf:1)
  A plant (D:10)
31 creatures vanquished.

Grand Total: 483 creatures vanquished

Notes
Turn   | Place    | Note
-------+----------+-------------------------------------------
     0 | D:1      | Amnesiac the Hill Orc Artificer began the quest for the Orb.
     0 | D:1      | Reached XP level 1. HP: 16/16 MP: 3/3
   654 | D:1      | Reached XP level 2. HP: 23/23 MP: 4/4
  1106 | D:2      | Found an iron altar of Okawaru.
  1226 | D:2      | Noticed Sigmund
  1232 | D:2      | Killed Sigmund
  1232 | D:2      | Reached XP level 3. HP: 28/28 MP: 4/7
  1232 | D:2      | Reached XP level 4. HP: 35/35 MP: 4/8
  1232 | D:2      | Reached XP level 5. HP: 40/40 MP: 4/9
  1500 | D:2      | Noticed Terence
  1521 | D:2      | Killed Terence
  1599 | D:2      | Reached XP level 6. HP: 29/47 MP: 10/10
  1860 | D:2      | Noticed Natasha
  1869 | D:2      | Killed Natasha
  2061 | D:3      | Found an ornate altar of the Wu Jian Council.
  2166 | D:3      | Found a stormy altar of Qazlal.
  2856 | D:3      | Found a deep blue altar of Sif Muna.
  2907 | D:4      | Noticed Duvessa
  2908 | D:4      | Noticed Dowan
  2920 | D:4      | Killed Dowan
  2954 | D:4      | Killed Duvessa
  2954 | D:4      | Reached XP level 7. HP: 46/52 MP: 12/12
  3223 | D:4      | Found a basalt altar of Yredelemnul.
  3299 | D:4      | Found a shattered altar of Ashenzari.
  3411 | D:4      | Found a staircase to the Ecumenical Temple.
  3485 | Temple   | Entered the Ecumenical Temple
  3656 | D:4      | Found a white marble altar of Elyvilon.
  3656 | D:4      | Found a sparkling altar of Nemelex Xobeh.
  4081 | D:4      | Became a worshipper of Yredelemnul the Dark
  4099 | D:5      | Entered Level 5 of the Dungeon
  4099 | D:5      | Found Oreolar's Antique Armour Shop.
  4104 | D:5      | Bought a pair of runed gloves for 187 gold pieces
  4324 | D:5      | Found Ulohec's Armour Boutique.
  4333 | D:5      | Found a blossoming altar of Fedhas.
  4338 | D:5      | Found Silemn's Food Shoppe.
  4372 | D:5      | Found Vath's Armour Boutique.
  4652 | D:5      | Found an opulent altar of Gozag.
  4722 | D:5      | Found an ancient bone altar of Kikubaaqudgha.
  4854 | D:6      | Reached skill level 1 in Invocations
  4995 | D:6      | Noticed Pikel
  5076 | D:6      | Killed Pikel
  5076 | D:6      | Reached XP level 8. HP: 11/59 MP: 14/14
  5461 | D:6      | Found a sacrificial altar of Ru.
  5762 | D:6      | Noticed Menkaure
  5765 | D:6      | Killed Menkaure
  5839 | D:6      | Noticed Grinder
  5842 | D:6      | Paralysed by Grinder for 7 turns
  5851 | D:6      | Paralysed by Grinder for 5 turns
  5870 | D:6      | Killed Grinder
  5870 | D:6      | Reached XP level 9. HP: 51/71 MP: 15/15
  6447 | D:7      | Reached skill level 5 in Fighting
  6690 | D:7      | HP: 3/74 [poisoned by a gnoll sergeant]
  6714 | D:7      | HP: 3/74 [poisoned by a gnoll sergeant]
  6720 | D:7      | HP: 3/74 [poisoned by a gnoll sergeant]
  6728 | D:7      | HP: 2/74 [poisoned by a gnoll sergeant]
  7049 | D:7      | Found a radiant altar of Vehumet.
  7807 | D:8      | Reached * piety under Yredelemnul
  7896 | D:8      | Found a glowing silver altar of Zin.
  8451 | D:8      | Found a staircase to the Lair.
  8598 | D:8      | Paralysed by fainting for 11 turns
  9245 | D:5      | Bought a spiked cloak for 237 gold pieces
  9250 | D:5      | Identified the +0 cloak of Cheibriados's Scorn {-Tele rF+ Slay+2 Stlth+} (You bought it in a shop on level 5 of the Dungeon)
  9356 | D:9      | Noticed Prince Ribbit
  9369 | D:9      | Killed Prince Ribbit
  9408 | D:9      | Noticed Erica
  9436 | D:9      | Killed Erica
  9436 | D:9      | Reached XP level 10. HP: 42/95 MP: 16/16
  9623 | D:9      | Noticed Erolcha
  9636 | D:9      | Killed Erolcha
 10174 | D:9      | Noticed a two-headed ogre
 10201 | D:9      | Killed a two-headed ogre
 10201 | D:9      | Reached skill level 10 in Invocations
 10521 | D:9      | Noticed Psyche
 10530 | D:9      | Killed Psyche
 10734 | D:9      | Reached ** piety under Yredelemnul
 11085 | D:9      | Found an ancient bone altar of Kikubaaqudgha.
 11301 | D:10     | Entered Level 10 of the Dungeon
 11875 | D:10     | Killed an unseen horror
 11875 | D:10     | Reached XP level 11. HP: 17/104 MP: 18/20
 12246 | D:10     | Reached skill level 1 in Armour
 13139 | D:11     | Noticed a two-headed ogre
 13184 | D:11     | Killed a two-headed ogre
 13184 | D:11     | Reached skill level 5 in Armour
 13693 | D:11     | Noticed a green ugly thing
 13770 | D:11     | Noticed a necromancer
 13802 | D:11     | Killed a necromancer
 13937 | D:11     | Learned a level 2 spell: Blink
 13981 | D:11     | Reached *** piety under Yredelemnul
 14178 | D:11     | Killed a green ugly thing
 15639 | D:12     | Reached skill level 1 in Slings
 15818 | D:12     | Reached skill level 2 in Slings
 16288 | D:12     | Reached skill level 3 in Slings
 16431 | D:12     | Found a staircase to the Orcish Mines.
 16654 | Orc:1    | Entered Level 1 of the Orcish Mines
 16657 | Orc:1    | Noticed a two-headed ogre
 16657 | Orc:1    | Noticed an orc sorcerer
 16684 | D:12     | Killed a two-headed ogre
 16684 | D:12     | Reached skill level 4 in Slings
 16907 | Orc:1    | Killed an orc sorcerer
 16907 | Orc:1    | Reached skill level 5 in Slings
 16907 | Orc:1    | Reached XP level 12. HP: 112/112 MP: 21/21
 16972 | Orc:1    | Reached skill level 6 in Slings
 17085 | Orc:2    | Entered Level 2 of the Orcish Mines
 17092 | Orc:2    | Reached **** piety under Yredelemnul
 17215 | Orc:2    | Found a staircase to the Elven Halls.
 17389 | Orc:2    | Reached skill level 7 in Slings
 17598 | Orc:2    | Paralysed by an orc sorcerer for 5 turns
 17669 | Orc:2    | Reached skill level 8 in Slings
 17670 | Orc:2    | Received a gift from Yredelemnul (a mummy)
 17875 | Orc:2    | Paralysed by an orc sorcerer for 5 turns
 18091 | Orc:2    | Noticed an orc high priest
 18098 | Orc:2    | Killed an orc high priest
 18142 | Orc:2    | Reached skill level 9 in Slings
 18212 | Orc:2    | Noticed an orc high priest
 18285 | Orc:2    | Noticed a soul eater
 18286 | Orc:2    | Killed an orc high priest
 18297 | Orc:2    | Noticed an orc high priest
 18312 | Orc:2    | Killed an orc high priest
 18351 | Orc:2    | Found Fitus's Weapon Shoppe.
 18351 | Orc:2    | Found Muj Obru's General Store.
 18354 | Orc:2    | Found Lobbymos's Weapon Shoppe.
 18354 | Orc:2    | Found Vuguc's Jewellery Boutique.
 18365 | Orc:2    | Bought 13 sling bullets for 84 gold pieces
 18413 | Orc:2    | Received a gift from Yredelemnul (a mummy)
 18984 | Orc:1    | Found a roughly hewn altar of Beogh.
 19092 | Orc:2    | Reached skill level 10 in Slings
 19704 | D:5      | Bought +0 gold dragon scales for 880 gold pieces
 19871 | D:13     | Noticed an eight-headed hydra
 19875 | D:13     | Killed an eight-headed hydra
 19902 | D:13     | Noticed a two-headed ogre
 19908 | D:13     | Killed a two-headed ogre
 19908 | D:13     | Reached XP level 13. HP: 104/118 MP: 22/22
 19977 | D:13     | Reached skill level 11 in Slings
 20031 | D:13     | Reached ***** piety under Yredelemnul
 20424 | D:13     | Received a gift from Yredelemnul (5 flying skulls)
 20523 | D:13     | Reached skill level 12 in Slings
 21049 | D:14     | Received a gift from Yredelemnul (a mummy)
 21443 | D:14     | Reached skill level 13 in Slings
 21492 | D:14     | Found a gate to the Vaults.
 22099 | D:15     | Entered Level 15 of the Dungeon
 22277 | D:15     | Received a gift from Yredelemnul (a vampire)
 22371 | D:15     | Reached XP level 14. HP: 126/126 MP: 23/23
 22461 | D:15     | Reached skill level 14 in Slings
 22468 | D:15     | Found a staircase to the Depths.
 22515 | D:15     | Noticed Urug
 22524 | D:15     | Killed Urug
 22669 | D:15     | Received a gift from Yredelemnul (4 flying skulls)
 23076 | D:5      | Bought the +3 crown of Dyrovepreva {rElec Int+2 SInv} for 455 gold pieces
 23076 | D:5      | Found the +3 crown of Dyrovepreva {rElec Int+2 SInv}
 23323 | Elf:1    | Entered Level 1 of the Elven Halls
 23384 | Elf:1    | Noticed a deep elf annihilator
 23396 | Elf:1    | Killed a deep elf annihilator
 23396 | Elf:1    | Reached skill level 10 in Armour
 23669 | Elf:1    | Received a gift from Yredelemnul (a wight)
 23684 | Elf:1    | Found Yshriuwer's Distillery.
 24213 | Elf:1    | Noticed a deep elf demonologist
 24214 | Elf:1    | Noticed a deep elf demonologist
 24219 | Elf:1    | Noticed a lorocyproca
 24220 | Elf:1    | Killed a deep elf demonologist
 24220 | Elf:1    | Enslaved a deep elf demonologist
 24221 | Elf:1    | Noticed a deep elf demonologist
 24222 | Elf:1    | Noticed an Executioner
 24235 | Elf:1    | Noticed an Ice Fiend
 24239 | Elf:1    | HP: 9/189 [red devil/trident[a deep elf demonologist] (9)]
 24246 | Elf:1    | Noticed a balrug
 24248 | Elf:1    | HP: 6/126 [deep elf demonologist/dagger (4)]
 24251 | Elf:1    | Noticed a Hell Sentinel
 24253 | Elf:1    | Noticed an Executioner
 24253 | Elf:1    | Killed a deep elf demonologist
 24253 | Elf:1    | HP: 5/126 [???[a deep elf demonologist] (2)]
 24255 | Elf:1    | Killed from afar by a balrug

Vault maps used:
D:1:      dpeg_arrival_tiny_i, minivault_4
D:2:      kennysheep_okawaru_gauntlet, uniq_natasha, uniq_sigmund, uniq_terence
D:3:      lemuel_doored_altar, lemuel_round_altar, marbit_many_paths,
          first_ration
D:4:      kennysheep_little_box, ashenzari_altar_1,
          chequers_temple_overflow_statue_of_worship, lemuel_temple_firewalk_b,
          uniq_duvessa
D:5:      nicolae_overflow_crystal_walls, grunt_gozag_statues, basic_altar,
          serial_shops, shop, shop, nicolae_shop_waterfront, nicolae_shop_trees,
          minmay_misc_feat_rows
D:6:      nicolae_ru_path_of_blood, uniq_grinder, uniq_pikel, uniq_menkaure
D:7:      overflow_temple_1_default
D:8:      overflow_temple_1_default, lair_entry_dummy, hangedman_pestilent_swarm
D:9:      lemuel_mausoleum_altar_kikubaaqudgha, uniq_erolcha,
          uniq_prince_ribbit1, uniq_psyche, uniq_erica
D:10:     serial_bayou_lake_a
D:11:     mrwooster_statue_mirror, eino_house_with_fridge
D:12:     minmay_orc_entry_guard_dogs
D:13:     minmay_open_boxes_in_corner
D:14:     david_vaults_2, nicolae_lava_and_water
D:15:     grunt_enter_depths_hoard, hangedman_abyss_or_decor_stagger, uniq_urug
Temple:   compressed_dpeg_triangle_lava_temple
Orc:1:    basic_altar
Orc:2:    grunt_orc_tribal_feast
Elf:1:    eino_elf_arrival_sip, serial_shops, shop, orc_legates, uniq_agnes

Skill      XL: |  1  2  3  4  5  6  7  8  9 10 11 12 13 14 |
---------------+-------------------------------------------+-----
Evocations     | 6 7 9 |  9.0
Invocations    | 7 9 12 | 12.5
Fighting       | 4 11 12 | 12.0
Armour         | 8 12 | 12.2
Slings         | 5 10 13 14 | 14.0
Short Blades   | |  1.0
Dodging        | |  1.5
Stealth        | |  0.7

Action                   |  1- 3 |  4- 6 |  7- 9 | 10-12 | 13-15 || total
-------------------------+-------+-------+-------+-------+-------++-------
Melee: Short sword       |    66 |    33 |       |       |       ||    99
       Dagger            |       |   180 |   251 |       |       ||   431
       Spear             |       |       |   230 |   403 |       ||   633
       Whip              |       |       |       |    11 |       ||    11
       Fustibalus        |       |       |       |       |     1 ||     1
 Fire: Fustibalus        |       |       |       |   412 |   552 ||   964
Invok: Recall Undead Sla |       |       |       |       |     2 ||     2
       Enslave Soul      |       |       |       |       |     4 ||     4
       Injury Mirror     |       |       |       |       |     1 ||     1
Evoke: Wand              |     7 |    25 |     2 |    18 |       ||    52
  Use: Potion            |       |       |     2 |     9 |    10 ||    21
       Scroll            |       |       |       |    27 |     6 ||    33
 Stab: Paralysed         |       |     2 |       |       |       ||     2
       Sleeping          |       |       |     1 |     7 |       ||     8
  Eat: Chunk             |     1 |     6 |     9 |    20 |    15 ||    51
       Ration            |       |       |     4 |     4 |       ||     8
Armor: Leather armour    |    21 |       |       |       |       ||    21
       Ring mail         |    17 |    61 |   171 |   250 |       ||   499
       Plate armour      |       |       |       |    74 |       ||    74
       Gold dragon scale |       |       |       |    12 |   264 ||   276
       Skin              |       |       |       |       |    74 ||    74
Dodge: Dodged            |    53 |    88 |   222 |   326 |    30 ||   719
Block: Buckler           |       |    11 |    43 |    71 |    35 ||   160

Table legend:
 A = Spawn XP
 B = Non-spawn XP
 C = Spawn XP percentage of total XP
 D = Spawn monster count
 E = Non-spawn monster count
 F = Spawn count percentage of total count
 G = Total turns spent on level
                    A         B        C        D         E        F      G
               +---------+---------+-------+---------+---------+-------+---------
         Total |       0 |   75113 |   0.0 |       0 |     449 |   0.0 | 24255
               +---------+---------+-------+---------+---------+-------+---------
           D:1 |       0 |      17 |   0.0 |       0 |      10 |   0.0 |  1090
           D:2 |       0 |     413 |   0.0 |       0 |      22 |   0.0 |  1181
           D:3 |       0 |      86 |   0.0 |       0 |      29 |   0.0 |   736
           D:4 |       0 |     329 |   0.0 |       0 |       9 |   0.0 |  1125
           D:5 |       0 |     233 |   0.0 |       0 |      12 |   0.0 |   815
           D:6 |       0 |    1491 |   0.0 |       0 |      14 |   0.0 |  1481
           D:7 |       0 |     469 |   0.0 |       0 |      19 |   0.0 |  1769
           D:8 |       0 |    1259 |   0.0 |       0 |      35 |   0.0 |  1687
           D:9 |       0 |    4213 |   0.0 |       0 |      20 |   0.0 |  2075
          D:10 |       0 |    1385 |   0.0 |       0 |      19 |   0.0 |  1617
          D:11 |       0 |    4511 |   0.0 |       0 |      36 |   0.0 |  2109
          D:12 |       0 |    3837 |   0.0 |       0 |      21 |   0.0 |  1707
          D:13 |       0 |   10089 |   0.0 |       0 |      36 |   0.0 |  1194
          D:14 |       0 |   10158 |   0.0 |       0 |      31 |   0.0 |  1074
          D:15 |       0 |    7295 |   0.0 |       0 |      21 |   0.0 |   808
         Orc:1 |       0 |    2472 |   0.0 |       0 |       8 |   0.0 |   453
         Orc:2 |       0 |    9920 |   0.0 |       0 |      66 |   0.0 |  2273
         Elf:1 |       0 |   16936 |   0.0 |       0 |      41 |   0.0 |   932
               +---------+---------+-------+---------+---------+-------+---------
